 Dungeon Crawl Stone Soup version 0.25-a0-292-gaa31f046c4 (webtiles) character file.

Game seed: 2492200692524062305, levelgen mode: deterministic

181890 mig the Impaler (level 18, -11/159 (160) HPs)
             Began as a Naga Venom Mage on Dec 15, 2019.
             Was the Champion of Cheibriados.
             Shot with a bolt by a naga sharpshooter (22 damage)
             ... on level 4 of the Snake Pit.
             The game lasted 02:32:27 (30834 turns).

mig the Impaler (Naga Venom Mage)                  Turns: 30834, Time: 02:32:29

HP:   -11/159 (160) AC: 38    Str: 35    XL:     18   Next: 32%
MP:   22/30         EV:  9    Int: 41    God:    Cheibriados [******]
Gold: 1120          SH: 17    Dex: 30    Spells: 15/34 levels left

rFire    + . .     SeeInvis +   D - +5 trident "Udiup" {flame, -Tele +Rage rF+ rC+++}
rCold    + + +     Gourm    .   P - +2 shield {reflect}
rNeg     + . .     Faith    .   N - +3 plate armour {rN+}
rPois    +         Spirit   .   m - +2 hat {MR+}
rElec    .         Reflect  +   d - +2 cloak "Dipn" {rC+ MR+ Str+2 Stlth-}
rCorr    .         Harm     .   W - +0 pair of gloves of the Wheelwright {rC+ Int+5}
MR       +++++     NoTele   +   v - +1 naga barding {Fly}
Stlth    ..........             o - amulet "Odireseir" {MR+ Regen+}
HPRegen  1.76/turn              A - +4 ring of protection
MPRegen  0.22/turn              C - +3 ring of evasion

@: lethally poisoned (-11 -> -13), singing, flying, regenerating (expiring),
studying Polearms, very slow
A: large, see invisible, agile 2, clever 2, deformed body, poison resistance,
slowness 2, slow metabolism 1, spit poison 1, evolution 1, constrict 1, AC +6
a: Spit Poison, Bend Time, Temporal Distortion, Slouch, Step From Time, Renounce
Religion, Evoke Berserk Rage, Stop Flying


You were on level 4 of the Snake Pit.
You worshipped Cheibriados.
Cheibriados was exalted by your worship.
You were hungry.

You visited 4 branches of the dungeon, and saw 27 of its levels.
You visited 1 bazaar.
You also visited: Gauntlet and Ice Cave.

You collected 3170 gold pieces.
You spent 2050 gold pieces at shops.

Inventory:

Hand Weapons
 D - the +5 trident "Udiup" (weapon) {flame, -Tele +Rage rF+ rC+++}
   (You found it on level 6 of the Dungeon)

   It has been specially enchanted to burn those struck by it, causing extra
   injury to most foes and up to half again as much damage against particularly
   susceptible opponents.
   It protects you from fire.
   It renders you almost immune to cold.
   It lets you go berserk.
   It prevents most forms of teleportation.
Missiles
 f - 13 silver javelins
 g - 41 boomerangs (quivered)
 p - 8 curare-tipped darts
 Z - 14 javelins
Armour
 d - the +2 cloak "Dipn" (worn) {rC+ MR+ Str+2 Stlth-}
   (You found it on level 11 of the Dungeon)

   It affects your strength (+2).
   It protects you from cold.
   It affects your resistance to hostile enchantments.
   It makes you less stealthy.
 m - a +2 hat of magic resistance (worn)
 v - a +1 naga barding of flying (worn)
 N - a +3 plate armour of positive energy (worn)
 P - a +2 shield of reflection (worn)
 W - the +0 pair of gloves of the Wheelwright (worn) {rC+ Int+5}
   (You found it in a Gauntlet)

   It affects your intelligence (+5).
   It protects you from cold.
Jewellery
 o - the amulet "Odireseir" (around neck) {MR+ Regen+}
   (You found it in a Gauntlet)

   [amulet of regeneration]

   It affects your resistance to hostile enchantments.
   It increases your rate of regeneration.
 w - an uncursed ring of protection from fire
 A - a +4 ring of protection (left hand)
 B - an uncursed ring of resist corrosion
 C - a +3 ring of evasion (right hand)
 J - an uncursed ring of stealth
 Q - an uncursed ring of ice
Wands
 n - a wand of iceblast (11)
 u - a wand of digging (5)
 x - a wand of clouds (8)
 I - a wand of paralysis (27)
 L - a wand of acid (21)
Scrolls
 e - 10 scrolls of teleportation
 i - 2 scrolls of silence
 l - 12 scrolls of remove curse
 s - a scroll of enchant weapon
 y - 2 scrolls of identify
 F - a scroll of enchant armour
 G - 2 scrolls of magic mapping
 H - 8 scrolls of blinking
 R - 3 scrolls of fog
 X - 5 scrolls of fear
Potions
 h - 4 potions of flight
 j - 5 potions of agility
 k - 11 potions of curing
 q - a potion of cancellation
 r - 4 potions of magic
 z - 2 potions of invisibility
 E - 4 potions of might
 K - 3 potions of lignification
 M - 3 potions of brilliance
 O - 2 potions of ambrosia
 V - 5 potions of heal wounds
Books
 t - a manual of Polearms
Miscellaneous
 a - a crystal ball of energy
 b - a phial of floods
 U - a lamp of fire
 Y - a sack of spiders
Comestibles
 c - 36 rations


   Skills:
 + Level 10.1 Fighting
   Level 0.1 Short Blades
   Level 0.1 Maces & Flails
 + Level 15.1 Polearms
 + Level 3.8 Throwing
 * Level 13.2 Armour
 - Level 1.5 Dodging
 - Level 3.0 Stealth
 - Level 9.0 Shields
 + Level 8.5 Spellcasting
 * Level 9.4 Conjurations
 - Level 5.0 Charms
 - Level 5.0 Necromancy
   Level 1.2 Transmutations
 + Level 5.4 Air Magic
 - Level 9.1 Poison Magic
 - Level 10.0 Invocations
 - Level 6.0 Evocations


You had 15 spell levels left.
You knew the following spells:

 Your Spells              Type           Power        Failure   Level  Hunger
a - Mephitic Cloud        Conj/Pois/Air  ######..     1%          3    None
b - Poisonous Vapours     Pois/Air       ######       1%          2    None
c - Animate Skeleton      Necr           N/A          1%          1    None
d - Olgreb's Toxic Radia  Pois           #######.     1%          4    None
e - Airstrike             Air            ######....   10%         4    None
f - Regeneration          Chrm/Necr      ######....   3%          3    None
g - Song of Slaying       Chrm           ######..     1%          2    None

Your spell library contained the following spells:

 Spells                   Type           Power        Failure   Level  Hunger
 Infusion                 Chrm           ####         1%          1    None
 Shock                    Conj/Air       ####         1%          1    None
 Sting                    Tmut/Pois      ####         1%          1    None
 Swiftness                Chrm/Air       ######..     1%          2    None
 Static Discharge         Conj/Air       ######..     1%          3    None
 Spider Form              Tmut/Pois      ######....   3%          3    None
 Shroud of Golubria       Chrm/Tloc      #####.       4%          2    None
 Beastly Appendage        Tmut           ####..       5%          1    None
 Ignite Poison            Fire/Tmut/Pois #####...     6%          3    None
 Apportation              Tloc           ###...       9%          1    None
 Confusing Touch          Hex            ###...       9%          1    None
 Summon Butterflies       Summ           ###.....     9%          1    None
 Summon Small Mammal      Summ           ###.         9%          1    None
 Sticks to Snakes         Tmut           ####....     9%          2    None
 Ozocubu's Armour         Chrm/Ice       #####...     10%         3    None
 Spectral Weapon          Hex/Chrm       #####...     10%         3    None
 Lightning Bolt           Conj/Air       ######....   12%         5    ##.....
 Fulminant Prism          Conj/Hex       ######....   13%         4    None
 Iskenderun's Battlesphe  Conj/Chrm      ######..     13%         5    ##.....
 Call Canine Familiar     Summ           ###.....     26%         3    None
 Confuse                  Hex            ###.....     26%         3    None
 Gell's Gravitas          Tloc           ###.......   26%         3    None
 Excruciating Wounds      Chrm/Necr      ######....   30%         5    ##.....
 Ice Form                 Ice/Tmut       ###.....     56%         4    None
 Petrify                  Tmut/Erth      ###.....     56%         4    None
 Bolt of Magma            Conj/Fire/Erth #####.....   56%         5    ##.....
 Summon Ice Beast         Ice/Summ       ###.....     65%         4    None
 Blade Hands              Tmut           ####......   83%         5    ##.....
 Orb of Destruction       Conj           #######...   85%         7    ######.
 Yara's Violent Unravell  Hex/Tmut       ###.......   88%         5    ##.....
 Iron Shot                Conj/Erth      ######....   89%         6    ####...
 Metabolic Englaciation   Hex/Ice        ###.......   94%         5    ##.....
 Summon Mana Viper        Hex/Summ       ###.....     94%         5    ##.....
 Ring of Flames           Chrm/Fire      #####.....   100%        7    ######.
 Spellforged Servitor     Conj/Summ      ######....   100%        7    ######.
 Summon Hydra             Summ           ###.......   100%        7    ######.
 Discord                  Hex            ###.......   100%        8    #######


Dungeon Overview and Level Annotations

Branches:
Dungeon (15/15)            Temple (0/1) D:7            Lair (6/6) D:9
 Shoals (0/4) Lair:3        Snake (4/4) Lair:3        Slime (0/5) Lair:6
    Orc (2/2) D:11            Elf (0/3) Orc:2        Vaults (0/5) D:13
 Depths (0/5) D:15          IceCv (visited)         Gauntlet (visited)

Altars:
Cheibriados
Dithmenos
Elyvilon
Fedhas
Hepliaklqana
Kikubaaqudgha
Makhleb
Okawaru
Sif Muna
Trog
Vehumet
Xom
Yredelemnul
Zin
The Shining One

Shops:
D:11 (   Orc:2 ??(?   Snake:2 }:!   Snake:3 }%([

Portals:
Trove: D:14 (give +7 demon whip)

Annotations:
D:13 exclusion: downstairs
Lair:5 exclusion: downstairs
Snake:3 3 runed translucent doors, Ecerph's ghost, journeyman MiAK; Voilify's ghost, adept MiBe


Innate Abilities, Weirdness & Mutations

You cannot wear boots.
Your serpentine skin is tough. (AC +6)
You have supernaturally acute eyesight. (SInv)
Armour fits poorly on your strangely shaped body.
Your system is resistant to poisons. (rPois)
You cover ground very slowly.
You have a slow metabolism.
You can spit poison.
You can use your snake-like lower body to constrict enemies.
You are very agile. (Dex +4)
Your mind is very acute. (Int +4)
You evolve.


Message History

Cheibriados thoroughly appreciates the change of pace.
You feel sick. The black mamba closely misses you.
Unknown command.
You feel extremely sick. You block the black mamba's attack.
The black mamba bites you!
* * * LOW HITPOINT WARNING * * *
The naga sharpshooter casts a spell.
The naga sharpshooter magically shoots a bolt.
The bolt hits you but does no damage. The black mamba barely misses you.
You block the black mamba's attack.
You hear a shout!
Items here: (( ) [ † 2 bolts; a +0 quarterstaff; a +0 robe; an arrow; a salamander corpse Your skin is crawling a little less now.
You feel extremely sick. You block the black mamba's attack. x2
The naga sharpshooter mumbles some strange words.
The naga sharpshooter magically shoots a bolt.
The bolt hits you!!
You die...

#..)).(.......
#.)N(.().....
#NN))†......
.##########N((# ..
...........N(N## ...
..^.......))((.## ...
.....(.....())..###..#
.........S(÷.....####
.......(@().........
.##.####))#.#.......
##)(())##..#####
#######.#.."# ##..
..##.##.##.###.....
...................
...............#..
###........####
###..........#


You could see a naga warrior, a nagaraja, a naga sharpshooter, a black mamba and
3 nagas.

Vanquished Creatures
  Vashnia (Snake:3)
  Rupert (Lair:4)
  Agnes (Snake:3)
  Kirke (Lair:5)
  A nagaraja (Snake:4)
  An ironheart preserver (D:13)
  A minotaur (Gauntlet)
  Snorg (D:14)
  A fire dragon (Lair:6)
  A yaktaur captain (D:15)
  11 hydras
  13 naga warriors
  3 ogre magi
  3 centaur warriors
  15 two-headed ogres
  Erica (Lair:2)
  6 death yaks (Lair:6)
  6 anacondas
  7 shock serpents
  8 naga sharpshooters
  Urug (Lair:6)
  2 skeletal warriors (D:15)
  4 salamander mystics
  An unseen horror (D:12)
  2 sea snakes (Snake:3)
  2 deep trolls (Orc:2)
  7 naga ritualists
  A wizard (D:14)
  3 orc knights
  A lindwurm (Lair:6)
  20 ugly things
  9 mana vipers
  9 deep elf magi
  An orc sorcerer (Orc:2)
  A salamander (shapeshifter) (D:13)
  15 salamanders
  2 manticores
  2 cyclopes
  Maurice (D:10)
  22 naga magi
  Joseph (D:10)
  3 ice statues
  4 centaur zombies
  7 guardian serpents
  2 molten gargoyles (Lair:6)
  32 black mambas
  9 spiny frogs
  3 centaur skeletons
  6 elephants (Lair:4)
  3 gargoyles
  2 efreet
  10 komodo dragons
  A yaktaur (D:15)
  A freezing wraith (D:14)
  2 ice devils (D:12)
  17 rime drakes
  12 trolls
  A queen bee (Gauntlet)
  A polar bear (Lair:5)
  A hornet (D:11)
  9 slime creatures
  6 blink frogs
  13 hippogriffs
  A vampire (D:13)
  A spriggan (D:7)
  Sigmund (D:4)
  A wraith (D:14)
  12 wyverns
  16 yaks
  11 basilisks
  2 humans (Lair:5)
  2 fire elementals (Gauntlet)
  Eustachio (D:5)
  3 hungry ghosts
  10 steam dragons (Lair:6)
  4 wargs
  7 hell hounds
  2 acid dragons
  A soldier ant (D:13)
  56 nagas
  11 water moccasins
  8 porcupines
  3 black bears
  5 sky beasts
  11 ice beasts
  17 orc warriors
  9 necrophages
  30 wolves
  35 ogres
  11 centaurs
  15 crocodiles
  6 big kobolds
  16 bullfrogs
  4 gnoll sergeants (D:11)
  A wyvern zombie (D:12)
  A water moccasin zombie (D:9)
  2 wyvern skeletons
  3 scorpions
  4 killer bees (Gauntlet)
  9 wights
  A howler monkey (D:9)
  3 vampire bats
  3 electric eels (Lair:6)
  12 crimson imps
  4 bullfrog zombies
  3 jellies
  4 lava snakes (Lair:6)
  3 quasits
  10 orc priests
  7 hounds
  24 orc wizards
  An iguana (D:9)
  11 worker ants
  2 killer bee zombies
  3 hound skeletons
  2 howler monkey zombies
  A worker ant zombie (D:7)
  6 gnolls
  15 adders
  2 shadow imps
  2 white imps (D:8)
  An ooze (D:3)
  An adder zombie (D:9)
  2 adder skeletons
  2 worms
  A dart slug (D:4)
  8 leopard geckos
  67 orcs
  3 ball pythons
  8 bats
  5 bat skeletons (D:3)
  A bat zombie (D:3)
  5 giant cockroaches
  8 goblins
  7 hobgoblins
  9 jackals
  6 quokkas
  A ball python skeleton (D:5)
  6 frilled lizards
  2 gnoll zombies (D:8)
  A jackal skeleton (D:3)
  8 kobolds
  A leopard gecko skeleton (D:6)
  4 rats
  A bush (D:9)
944 creatures vanquished.

Vanquished Creatures (collateral kills)
  A nagaraja (Snake:2)
  A fire dragon (Lair:6)
  3 naga warriors
  2 two-headed ogres (D:15)
  A naga sharpshooter (Snake:4)
  A skeletal warrior (D:15)
  A cyclops (Orc:2)
  2 mana vipers
  2 salamanders
  A centaur zombie (D:15)
  A guardian serpent (Snake:4)
  9 black mambas
  A naga mage (Snake:3)
  A gargoyle (D:11)
  A spiny frog (Lair:1)
  2 rime drakes (Lair:6)
  2 trolls
  A hippogriff (Lair:1)
  A blink frog (Lair:4)
  5 yaks
  A wyvern (Lair:6)
  A hog (Lair:5)
  A hungry ghost (D:15)
  A steam dragon (Lair:6)
  2 nagas (Snake:4)
  A necrophage (D:12)
  2 ogres (Orc:2)
  4 wolves
  A crocodile (Lair:6)
  A crimson imp (D:12)
  A bullfrog zombie (D:12)
  A lava snake (Lair:6)
  An adder (D:12)
  An orc (Orc:1)
  5 fungi
  4 plants
67 creatures vanquished.

Vanquished Creatures (others)
  3 naga sharpshooters
  A cyclops (Orc:2)
  A steam dragon (Lair:6)
  A hell hound (Lair:6)
  2 orc warriors (Orc:1)
  A jelly (D:8)
  A leopard gecko skeleton (D:8)
  A quokka zombie (D:8)
  13 fungi
  58 plants
  3 withered plants (Snake:3)
85 creatures vanquished.

Grand Total: 1096 creatures vanquished

Notes
Turn   | Place    | Note
-------+----------+-------------------------------------------
     0 | D:1      | mig the Naga Venom Mage began the quest for the Orb.
     0 | D:1      | Reached XP level 1. HP: 15/15 MP: 3/3
   365 | D:1      | Reached XP level 2. HP: 21/22 MP: 3/5
   389 | D:1      | Learned a level 2 spell: Poisonous Vapours
  1112 | D:1      | Reached XP level 3. HP: 30/30 MP: 3/6
  1608 | D:2      | Reached skill level 1 in Throwing
  1744 | D:2      | Found a shadowy altar of Dithmenos.
  1744 | D:2      | Found a shimmering blue altar of Sif Muna.
  1760 | D:2      | Reached XP level 4. HP: 37/37 MP: 5/7
  2288 | D:2      | Found a hazy altar of Hepliaklqana.
  2292 | D:2      | Found a snail-covered altar of Cheibriados.
  2372 | D:3      | Reached skill level 5 in Poison Magic
  2712 | D:3      | Found a burning altar of Makhleb.
  2790 | D:2      | Became a worshipper of Cheibriados the Contemplative
  2916 | D:3      | Reached skill level 1 in Armour
  2920 | D:2      | Reached skill level 1 in Air Magic
  2920 | D:2      | Reached XP level 5. HP: 23/43 MP: 0/9
  3593 | D:3      | Learned a level 1 spell: Animate Skeleton
  3606 | D:3      | Reached * piety under Cheibriados
  3907 | D:3      | Reached XP level 6. HP: 50/50 MP: 10/10
  4213 | D:3      | Found an ancient bone altar of Kikubaaqudgha.
  4224 | D:3      | Reached ** piety under Cheibriados
  4249 | D:2      | Reached skill level 1 in Invocations
  4463 | D:2      | Reached skill level 1 in Shields
  4530 | D:3      | Gained mutation: You have an increased reservoir of magic.
                  | (+10% MP) [potion of mutation]
  4530 | D:3      | Gained mutation: Your mind is acute. (Int +2) [potion of
                  | mutation]
  4789 | D:4      | Lost mutation: Your mind is acute. (Int +2) [potion of
                  | mutation]
  4789 | D:4      | Lost mutation: You have an increased reservoir of magic.
                  | (+10% MP) [potion of mutation]
  4789 | D:4      | Gained mutation: You have a pair of small horns on your
                  | head. [potion of mutation]
  4789 | D:4      | Gained mutation: You possess an exceptional clarity of
                  | mind. [potion of mutation]
  4958 | D:4      | Noticed Sigmund
  4968 | D:4      | Killed Sigmund
  4968 | D:4      | Reached skill level 1 in Fighting
  4968 | D:4      | Reached XP level 7. HP: 44/57 MP: 0/12
  5530 | D:5      | Entered Level 5 of the Dungeon
  5841 | D:5      | Noticed Eustachio
  5851 | D:5      | Killed Eustachio
  5851 | D:5      | Reached *** piety under Cheibriados
  5851 | D:5      | Reached XP level 8. HP: 50/64 MP: 3/13
  5926 | D:5      | Learned a level 4 spell: Olgreb's Toxic Radiance
  6734 | D:5      | Learned a level 3 spell: Mephitic Cloud
  7780 | D:6      | Got a crystal trident
  7781 | D:6      | Identified the +5 trident "Udiup" {flame, -Tele +Rage rF+
                  | rC+++} (You found it on level 6 of the Dungeon)
  8013 | D:7      | Found an iron altar of Okawaru.
  8030 | D:7      | Noticed a spriggan baker
  8036 | D:7      | Killed a spriggan baker
  8036 | D:7      | Reached skill level 5 in Spellcasting
  8036 | D:7      | Reached XP level 9. HP: 65/73 MP: 9/16
  8149 | D:7      | Reached **** piety under Cheibriados
  8149 | D:7      | Reached skill level 1 in Polearms
  8157 | D:7      | Reached skill level 5 in Armour
  8233 | D:7      | Found a staircase to the Ecumenical Temple.
  8580 | D:8      | Found a glowing silver altar of Zin.
  8589 | D:8      | Noticed a two-headed ogre
  8598 | D:8      | Killed a two-headed ogre
  8598 | D:8      | Reached skill level 2 in Polearms
  8777 | D:8      | Reached skill level 3 in Polearms
  8881 | D:8      | Reached XP level 10. HP: 75/84 MP: 15/17
  8951 | D:8      | Reached skill level 4 in Polearms
  8960 | D:8      | Reached ***** piety under Cheibriados
  9192 | D:8      | Found a radiant altar of Vehumet.
  9218 | D:8      | Found a basalt altar of Yredelemnul.
  9630 | D:9      | Found a bloodstained altar of Trog.
  9950 | D:9      | Found a staircase to the Lair.
  9966 | D:9      | Found a blossoming altar of Fedhas.
 10028 | D:9      | Noticed a two-headed ogre
 10037 | D:9      | Killed a two-headed ogre
 10037 | D:9      | Reached skill level 5 in Polearms
 10565 | D:10     | Entered Level 10 of the Dungeon
 10682 | D:10     | Noticed Joseph
 10692 | D:10     | Killed Joseph
 10780 | D:10     | Noticed Maurice
 10789 | D:10     | Killed Maurice
 11080 | D:10     | Reached skill level 5 in Shields
 11082 | D:10     | Reached skill level 5 in Invocations
 11172 | D:10     | Reached XP level 11. HP: 89/91 MP: 12/18
 11258 | D:10     | Reached skill level 6 in Polearms
 11505 | D:11     | Noticed a manticore
 11518 | D:11     | Noticed a two-headed ogre
 11525 | D:11     | Killed a two-headed ogre
 11525 | D:11     | Reached ****** piety under Cheibriados
 11773 | D:11     | Found a staircase to the Orcish Mines.
 11797 | D:11     | Killed a manticore
 11806 | D:11     | Reached skill level 1 in Necromancy
 11834 | D:11     | Noticed a brown ugly thing
 11843 | D:11     | Killed a brown ugly thing
 12085 | D:11     | Reached skill level 7 in Polearms
 12094 | D:11     | Got a blackened cloak
 12100 | D:11     | Identified the +2 cloak "Dipn" {rC+ MR+ Str+2 Stlth-} (You
                  | found it on level 11 of the Dungeon)
 12158 | D:11     | Found Bulusch's Antique Weapon Shoppe.
 12233 | D:12     | Noticed a two-headed ogre
 12241 | D:12     | Killed a two-headed ogre
 12317 | D:12     | Noticed a purple ugly thing
 12330 | D:12     | Killed a purple ugly thing
 12353 | D:12     | Noticed a two-headed ogre
 12356 | D:12     | Reached XP level 12. HP: 99/99 MP: 15/19
 12366 | D:12     | Killed a two-headed ogre
 12430 | D:12     | Found a frozen archway.
 12454 | IceCv    | Entered an ice cave
 12481 | IceCv    | Found a transporter.
 12554 | IceCv    | Lost mutation: You possess an exceptional clarity of mind.
                  | [potion of mutation]
 12554 | IceCv    | Lost mutation: You have a pair of small horns on your head.
                  | [potion of mutation]
 12554 | IceCv    | Gained mutation: Your mind is acute. (Int +2) [potion of
                  | mutation]
 12554 | IceCv    | Gained mutation: You evolve. [potion of mutation]
 12574 | IceCv    | Found a transporter.
 13017 | D:12     | Reached skill level 8 in Polearms
 13456 | D:12     | Found a white marble altar of Elyvilon.
 13556 | D:13     | Gained mutation: You are agile. (Dex +2) [evolution]
 13559 | D:13     | Noticed a six-headed hydra
 13566 | D:13     | Killed a six-headed hydra
 13681 | D:13     | Found a flickering gateway to a bazaar.
 13690 | Bazaar   | Entered a bazaar
 13690 | Bazaar   | Found Ysan's Jewellery Emporium.
 13709 | Bazaar   | Found Wefro's Assorted Antiques.
 13717 | Bazaar   | Found Eror's Weapon Emporium.
 13725 | Bazaar   | Found Qomomuze's Gadget Emporium.
 13745 | Bazaar   | Bought a small emerald ring for 115 gold pieces
 13745 | Bazaar   | Bought a bronze ring for 115 gold pieces
 13754 | Bazaar   | Bought a metallic blue potion for 20 gold pieces
 13781 | Bazaar   | Bought a scroll labeled TOUWUP FOCKAAF for 23 gold pieces
 13923 | D:13     | Reached skill level 1 in Evocations
 14268 | D:13     | Reached skill level 5 in Fighting
 14430 | D:13     | Noticed a centaur warrior
 14430 | D:13     | Noticed a centaur warrior
 14434 | D:13     | Killed a centaur warrior
 14434 | D:13     | Reached skill level 9 in Polearms
 14434 | D:13     | Gained mutation: You can use your snake-like lower body to
                  | constrict enemies. [Naga growth]
 14434 | D:13     | Reached XP level 13. HP: 30/108 MP: 6/20
 14478 | D:13     | Noticed an ironheart preserver
 14484 | D:13     | Killed an ironheart preserver
 14955 | D:13     | Found a gate to the Vaults.
 14956 | D:13     | Found the +4 moon troll leather armour {Spirit, Regen++
                  | MP+5}
 14980 | D:13     | Learned a level 4 spell: Airstrike
 15242 | D:14     | Noticed Snorg
 15520 | D:14     | Killed Snorg
 15920 | D:14     | Found a portal to a secret trove of treasure.
 16005 | D:14     | Found a glowing golden altar of the Shining One.
 16117 | D:14     | Identified the +6 scale mail "Busemo" {Dex+2} (You found it
                  | on level 14 of the Dungeon)
 16361 | D:14     | Gained mutation: Your mind is very acute. (Int +4)
                  | [evolution]
 16696 | D:14     | Reached skill level 10 in Polearms
 16827 | D:15     | Entered Level 15 of the Dungeon
 16944 | D:15     | Reached XP level 14. HP: 119/119 MP: 8/21
 17166 | D:15     | Reached skill level 1 in Conjurations
 17449 | D:15     | Found a staircase to the Depths.
 17458 | D:15     | Reached skill level 5 in Evocations
 17581 | D:15     | Found a shimmering altar of Xom.
 17872 | Lair:1   | Entered Level 1 of the Lair of Beasts
 17889 | Lair:1   | Reached skill level 11 in Polearms
 18618 | Lair:2   | Noticed Erica
 18625 | Lair:2   | Killed Erica
 18691 | Lair:2   | Reached skill level 10 in Invocations
 19267 | Lair:3   | Found a staircase to the Shoals.
 19511 | Lair:3   | Identified a scroll of acquirement
 19700 | Lair:3   | Found a staircase to the Snake Pit.
 20274 | Lair:4   | Noticed Rupert
 20289 | Lair:4   | Killed Rupert
 20289 | Lair:4   | Reached skill level 10 in Armour
 20645 | Lair:4   | Reached XP level 15. HP: 127/127 MP: 22/22
 21367 | Lair:5   | Reached skill level 5 in Air Magic
 21458 | Lair:5   | Noticed Kirke
 21469 | Lair:5   | Killed Kirke
 21704 | Lair:5   | Reached skill level 12 in Polearms
 22293 | Lair:6   | Entered Level 6 of the Lair of Beasts
 22868 | Lair:6   | Reached skill level 5 in Conjurations
 23011 | Lair:6   | Found a large runed translucent door.
 23078 | Lair:6   | Gained mutation: You are very agile. (Dex +4) [evolution]
 23126 | Lair:6   | Found a large runed translucent door.
 23133 | Lair:6   | Noticed Urug
 23143 | Lair:6   | Killed Urug
 23569 | Lair:6   | Found a staircase to the Slime Pits.
 23980 | Lair:6   | Reached skill level 5 in Necromancy
 23985 | Lair:6   | Reached XP level 16. HP: 101/139 MP: 9/23
 24665 | Orc:1    | Entered Level 1 of the Orcish Mines
 24669 | Orc:1    | Found a burning altar of Makhleb.
 24968 | Orc:2    | Entered Level 2 of the Orcish Mines
 24968 | Orc:2    | Found a gate leading to a gauntlet.
 25033 | Gauntlet | Entered a Gauntlet
 25033 | Gauntlet | Found a transporter.
 25033 | Gauntlet | Found a transporter.
 25042 | Gauntlet | Found a transporter.
 25045 | Gauntlet | Found a transporter.
 25053 | Gauntlet | Found a transporter.
 25057 | Gauntlet | Found a transporter.
 25065 | Gauntlet | Found a transporter.
 25066 | Gauntlet | Found the +4 skin of Zhor {Hibernate rC+++ SInv}
 25080 | Gauntlet | Found a runed translucent gate.
 25081 | Gauntlet | Found a transporter.
 25081 | Gauntlet | Found a runed translucent gate.
 25082 | Gauntlet | Found a runed translucent gate.
 25095 | Gauntlet | Found a transporter.
 25099 | Gauntlet | Found a transporter.
 25101 | Gauntlet | Found a runed translucent door.
 25103 | Gauntlet | Found a runed translucent door.
 25107 | Gauntlet | Found a transporter.
 25111 | Gauntlet | Found a transporter.
 25165 | Gauntlet | Got a pair of jewelled gloves
 25166 | Gauntlet | Identified the +0 pair of gloves of the Wheelwright {rC+
                  | Int+5} (You found it in a Gauntlet)
 25303 | Gauntlet | Identified the amulet "Odireseir" {MR+ Regen+} (You found
                  | it in a Gauntlet)
 25344 | Gauntlet | Identified the +10 short sword of Irritation {flame, rPois
                  | rF+ MR+ Str+2}
 25356 | Gauntlet | Reached skill level 13 in Polearms
 25437 | Gauntlet | Identified the Reference Book on Augmentations
 25443 | Gauntlet | Learned a level 3 spell: Regeneration
 25444 | Gauntlet | Identified Gezuor's Volume of Bewitchment
 25474 | Orc:2    | Found a staircase to the Elven Halls.
 25500 | Orc:2    | Reached skill level 1 in Charms
 25745 | Orc:2    | Found Qotoqill's Antique Weapon Shoppe.
 25774 | Orc:2    | Found Kucunoka's Magic Scroll Boutique.
 25779 | Orc:2    | Found Moeshroe's Magic Scroll Emporium.
 25780 | Orc:2    | Found Watiffora's Magic Scroll Shoppe.
 25782 | Orc:2    | Bought a scroll of blinking for 105 gold pieces
 25802 | Orc:2    | Bought a scroll of magic mapping for 49 gold pieces
 26406 | Orc:2    | Learned a level 2 spell: Song of Slaying
 26948 | Snake:1  | Entered Level 1 of the Snake Pit
 27359 | Snake:1  | You fall into a shaft and drop 1 floor!
 27610 | Snake:2  | Noticed a nagaraja
 27619 | Snake:2  | Killed a nagaraja
 27838 | Snake:1  | You fall into a shaft and drop 1 floor!
 27871 | Snake:2  | Reached XP level 17. HP: 147/147 MP: 27/27
 27893 | Snake:2  | Found Xerchemmo's Gadget Boutique.
 27923 | Snake:2  | Found Gopel's Distillery.
 27923 | Snake:2  | Found Tuihy's Book Shoppe.
 27935 | Snake:2  | Bought a potion of cancellation for 104 gold pieces
 27935 | Snake:2  | Bought a potion of heal wounds for 65 gold pieces
 27935 | Snake:2  | Bought 2 potions of heal wounds for 130 gold pieces
 27947 | Snake:2  | Bought a manual of Polearms for 1324 gold pieces
 28967 | Snake:1  | Reached skill level 14 in Polearms
 29333 | Snake:3  | Found Kuklorph's Food Shop.
 29471 | Snake:3  | Found Omeckumn's Antique Weapon Boutique.
 29474 | Snake:3  | Found Faom's Antique Armour Boutique.
 29625 | Snake:3  | Noticed Vashnia
 29672 | Snake:3  | Killed Vashnia
 29854 | Snake:3  | Reached skill level 5 in Charms
 29888 | Snake:3  | Noticed Agnes
 29897 | Snake:3  | Killed Agnes
 29937 | Snake:3  | Found Riur's Gadget Emporium.
 30021 | Snake:3  | Found a runed translucent gate.
 30021 | Snake:3  | Found a runed translucent gate.
 30021 | Snake:3  | Found a runed translucent gate.
 30026 | Snake:3  | Noticed Ecerph's ghost (journeyman MiAK)
 30026 | Snake:3  | Noticed Voilify's ghost (adept MiBe)
 30026 | Snake:3  | Noticed Ecerph's ghost (journeyman MiAK)
 30378 | Snake:4  | Entered Level 4 of the Snake Pit
 30627 | Snake:4  | Reached XP level 18. HP: 159/159 MP: 30/30
 30754 | Snake:4  | Reached skill level 10 in Fighting
 30770 | Snake:4  | Reached skill level 15 in Polearms
 30834 | Snake:4  | Shot with a bolt by a naga sharpshooter

Levels and vault maps discovered:
D:1:      dpeg_arrival_arbitrary_c, layout_rooms, skrybe_limestone_x,
          minmay_misc_feat_plants, chequers_serial_rivers_room_b,
          chequers_serial_rivers_micro_b, kennysheep_pointless_box
D:2:      layout_loops_ring, nicolae_overflow_hidden_temple,
          hangedman_abyss_or_decor_stabs, wad_floor_pattern_untrapped
D:3:      layout_basic, kennysheep_vampire_church, bloody_makhleb
D:4:      layout_basic, first_ration, minmay_misc_feat_iff, minmay_bisected,
          uniq_sigmund
D:5:      layout_loops_cross, uniq_eustachio
D:6:      wander_river, layout_cave_pools, minivault_10
D:7:      layout_rooms, lemuel_round_altar, minmay_temple_entry_waves,
          the_bakery
D:8:      layout_basic, lemuel_zombie_altar_yredelemnul, fiery_altar_vehumet,
          lemuel_doored_altar, minmay_nine_imps
D:9:      layout_irregular_city, fedhas_altar_decomposition,
          trog_ov_bears_minmay, lair_entry_dummy
D:10:     layout_cross, serial_bayou_pond_d, uniq_joseph, uniq_maurice
D:11:     layout_rooms, kennysheep_orc_monster_closet_entryway, serial_shops,
          kennysheep_mini_moat, kennysheep_generic_room_13
D:12:     layout_cave_pools, serial_undead, serial_undead_d, serial_undead_d,
          serial_undead_b, serial_undead_b, serial_undead_c, serial_undead_b,
          serial_undead_b, portal_ice_cave_demonic_guard, st_stairs_1,
          elyvilon_altar_3
D:13:     layout_long_grid, skrybe_vaults_entry_preservation, serial_shops,
          bzr_entry_water, grunt_decor_mini_mirrors
D:14:     layout_basic, enter_trove_1, nicolae_tso_carved_into_rock,
          minivault_1, minmay_unpleasant_kobolds, uniq_snorg
D:15:     grunt_enter_depths_snipers, layout_basic, basic_altar,
          minmay_misc_feat_chi
Lair:1:   layout_roguey
Lair:2:   layout_chaotic_city, uniq_erica
Lair:3:   layout_hall_layers, shoals_dummy_entry, dummy_snake_entry,
          infiniplex_staircase_pool_2
Lair:4:   layout_gridlike, serial_bayou_pond_d, uniq_rupert
Lair:5:   layout_hall_layers, uniq_kirke
Lair:6:   cheibrodos_lair_end_hotspot, layout_cave_pods,
          dpeg_slime_entry_corner, special_room [special_room_mythical_zoo],
          serial_bayou_lagoon_a, bobbens_dragon_lair_wall, uniq_urug
Snake:1:  layout_gridlike
Snake:2:  layout_concentric_octagons, serial_shops, shop, minmay_shoptagon
Snake:3:  layout_gridlike, gammafunk_ghost_cemetery, serial_shops, shop, shop,
          shop, shop, serial_bayou_shore_a, uniq_vashnia, uniq_agnes
Snake:4:  johnstein_snake_rune_scales, layout_onion, basic_altar,
          hangedman_venom_bottle
Orc:1:    layout_caves, basic_altar, nicolae_orc_stony_grotto
Orc:2:    st_orc_open, layout_caves, gauntlet_entry_generic,
          elves_outpost_lemuel

Skill      XL: |  1  2  3  4  5  6  7  8  9 10 11 12 13 14 15 16 17 18 |
---------------+-------------------------------------------------------+-----
Throwing       | 1 2 3 |  3.8
Poison Magic   | 5 6 8 9 |  9.1
Armour         | 1 2 3 4 6 7 8 9 10 11 12 13 | 13.2
Air Magic      | 1 2 3 4 5 |  5.4
Spellcasting   | 3 5 6 8 |  8.5
Invocations    | 1 2 3 5 6 7 9 10 | 10.0
Shields        | 1 3 5 6 7 8 9 |  9.0
Fighting       | 1 3 4 5 6 8 9 10 | 10.1
Polearms       | 3 5 7 9 10 11 12 13 14 15 | 15.1
Necromancy     | 1 2 3 5 |  5.0
Evocations     | 2 4 6 |  6.0
Conjurations   | 3 5 7 9 |  9.4
Charms         | 3 5 |  5.0
Short Blades   | |  0.1
Maces & Flails | |  0.1
Dodging        | |  1.5
Stealth        | |  3.0
Transmutations | |  1.2

Action                   |  1- 3 |  4- 6 |  7- 9 | 10-12 | 13-15 | 16-18 || total
-------------------------+-------+-------+-------+-------+-------+-------++-------
Melee: Dagger            |    37 |    28 |       |       |       |       ||    65
       Flail             |       |    11 |       |       |       |       ||    11
       Whip              |       |    86 |    79 |       |       |       ||   165
       Headbutt          |       |       |    43 |    96 |       |       ||   139
       Short sword       |       |       |    16 |       |       |       ||    16
       Trident           |       |       |    73 |   490 |   839 |  1004 ||  2406
       Constrict         |       |       |       |       |   150 |   173 ||   323
Throw: Boomerang         |    15 |    33 |    19 |    16 |    21 |    14 ||   118
       Javelin           |       |       |       |       |       |     8 ||     8
 Cast: Sting             |    45 |    26 |     1 |       |       |       ||    72
       Poisonous Vapours |     4 |    44 |    84 |    84 |    48 |     8 ||   272
       Animate Skeleton  |       |       |       |    20 |   107 |    98 ||   225
       Olgreb's Toxic Ra |       |       |       |    19 |    55 |    31 ||   105
       Airstrike         |       |       |       |       |     6 |       ||     6
       Regeneration      |       |       |       |       |       |    17 ||    17
       Song of Slaying   |       |       |       |       |       |    11 ||    11
Invok: Bend Time         |       |       |     2 |       |       |       ||     2
       Slouch            |       |       |       |     3 |     8 |     4 ||    15
 Abil: Spit Poison       |     2 |     1 |     2 |       |     1 |       ||     6
Evoke: Wand              |       |       |       |     2 |     5 |     6 ||    13
  Use: Potion            |       |     2 |       |     2 |       |       ||     4
       Scroll            |       |       |    18 |    10 |     6 |     3 ||    37
 Stab: Sleeping          |     1 |       |     1 |     6 |     3 |       ||    11
       Distracted        |       |       |       |     1 |     9 |     5 ||    15
  Eat: Chunk             |     3 |     8 |     9 |    10 |    26 |    11 ||    67
       Ration            |       |       |       |     2 |     1 |     2 ||     5
Armor: Robe              |     6 |       |       |       |       |       ||     6
       Skin              |     9 |     4 |       |       |       |       ||    13
       Ring mail         |       |   125 |    86 |   235 |       |       ||   446
       Troll leather arm |       |       |       |       |    91 |       ||    91
       Scale mail        |       |       |       |       |   241 |     1 ||   242
       Plate armour      |       |       |       |       |       |   390 ||   390
Dodge: Dodged            |    35 |   100 |    85 |   126 |   190 |   155 ||   691
Block: Buckler           |     3 |    34 |    24 |       |       |       ||    61
       Shield            |       |       |    37 |   310 |   529 |   644 ||  1520
       Reflection        |       |       |       |       |       |   102 ||   102

Table legend:
 A = Non-vault XP
 B = Vault XP
 C = Vault XP percentage of total XP
 D = Non-vault monster count
 E = Vault monster count
 F = Vault count percentage of total count
                 A         B        C        D         E       F
            +---------+---------+-------+---------+---------+-------
      Total |  178408 |   88818 |  33.2 |     738 |     269 |  26.7
            +---------+---------+-------+---------+---------+-------
        D:1 |      34 |       0 |   0.0 |      20 |       0 |   0.0
        D:2 |      83 |     115 |  58.1 |      30 |       2 |   6.2
        D:3 |     255 |      69 |  21.3 |      37 |       7 |  15.9
        D:4 |      48 |     242 |  83.4 |       5 |       4 |  44.4
        D:5 |     550 |     181 |  24.8 |      24 |       1 |   4.0
        D:6 |     736 |       0 |   0.0 |      16 |       0 |   0.0
        D:7 |     704 |     224 |  24.1 |      12 |       1 |   7.7
        D:8 |    1834 |     361 |  16.4 |      21 |      11 |  34.4
        D:9 |    1498 |     751 |  33.4 |       9 |       8 |  47.1
       D:10 |     962 |     925 |  49.0 |      14 |       2 |  12.5
       D:11 |    4376 |    1912 |  30.4 |      26 |      21 |  44.7
       D:12 |    4709 |    2262 |  32.4 |      26 |      16 |  38.1
       D:13 |    5087 |    4064 |  44.4 |      22 |       9 |  29.0
       D:14 |   13432 |    1319 |   8.9 |      36 |       7 |  16.3
       D:15 |   13989 |    2320 |  14.2 |      32 |       3 |   8.6
     Lair:1 |    4194 |       0 |   0.0 |      20 |       0 |   0.0
     Lair:2 |    4750 |     902 |  16.0 |      20 |       1 |   4.8
     Lair:3 |    3371 |       0 |   0.0 |      14 |       0 |   0.0
     Lair:4 |    9580 |    3186 |  25.0 |      37 |       1 |   2.6
     Lair:5 |    3976 |    2181 |  35.4 |      18 |       2 |  10.0
     Lair:6 |   12753 |   19524 |  60.5 |      44 |      69 |  61.1
    Snake:1 |   13824 |       0 |   0.0 |      30 |       0 |   0.0
    Snake:2 |   22507 |       0 |   0.0 |      48 |       0 |   0.0
    Snake:3 |   22580 |    9564 |  29.8 |      46 |       5 |   9.8
    Snake:4 |   24888 |   11945 |  32.4 |      51 |      29 |  36.2
      Orc:1 |    4140 |       0 |   0.0 |      49 |       0 |   0.0
      Orc:2 |    3548 |   19925 |  84.9 |      31 |      45 |  59.2
      IceCv |       0 |    2713 | 100.0 |       0 |      10 | 100.0
   Gauntlet |       0 |    4133 | 100.0 |       0 |      15 | 100.0
            +---------+---------+-------+---------+---------+-------
